 Seeded DCSS version 0.26.1-15-g04117e645d (webtiles) character file.

Game seed: 20211217 (custom seed)

56012 Kazon the Fighter (level 14, 0/84 HPs)
             Began as a Vine Stalker Fighter on Mar 7, 2022.
             Was the Champion of Makhleb.
             Slain by Rupert
             ... wielding a +3 vorpal battleaxe
              (25 damage)
             ... while paralysed
             ... on level 13 of the Dungeon on Mar 10, 2022.
             The game lasted 02:15:22 (15844 turns).

Kazon the Fighter (Vine Stalker Fighter)           Turns: 15844, Time: 02:15:23

Health: 0/84       AC: 16    Str: 28    XL:     14   Next: 79%
Magic:  0/22       EV:  2    Int:  8    God:    Makhleb [******]
Gold:   922        SH:  0    Dex: 18    Spells: 13/13 levels left

rFire    + . .     SeeInvis .   s - +8 spear of Qeakich {pain, *Rage rC+ rN+ Dex+2}
rCold    . . .     Faith    .   c - +0 kite shield
rNeg     + + .     Spirit   +   P - +0 swamp dragon scales (curse)
rPois    +         Reflect  .   K - +2 hat of the Bear Spirit {Spirit, +Rage rN+ Will++}
rElec    .         Harm     .   H - scarf {repulsion}
rCorr    .         Rampage  .   R - +1 pair of gloves
Will     ++++.     Rnd*Rage +   D - +2 pair of boots
Stlth    +++.......             k - amulet of regeneration
HPRegen  1.44/turn              u - +6 ring of strength
MPRegen  0.18/turn              Y - ring of fire

@: paralysed, berserk cooldown, slowed, repel missiles
A: fangs 3, strong-willed 1, regeneration 2, robust 1, magic shield, antimagic
bite, no potion heal 3
a: Renounce Religion, Evoke Berserk Rage, Minor Destruction, Lesser Servant of
Makhleb, Major Destruction, Greater Servant of Makhleb


You were on level 13 of the Dungeon.
You worshipped Makhleb.
Makhleb was exalted by your worship.
You visited 3 branches of the dungeon, and saw 20 of its levels.

You collected 1313 gold pieces.
You spent 391 gold pieces at shops.

Inventory:

Hand Weapons
 e - a +1 vampiric dagger
 h - a +2 dagger of holy wrath
 s - the +8 spear of Qeakich (weapon) {pain, *Rage rC+ rN+ Dex+2}
   (You found it on level 2 of the Lair of Beasts)

   In the hands of one skilled in necromantic magic, it inflicts extra damage on
   living creatures.
   It affects your dexterity (+2).
   It protects you from cold.
   It protects you from negative energy.
   It may make you go berserk in combat.
 v - a +1 flail of venom
Missiles
 b - 8 curare-tipped darts
 j - 24 boomerangs
 w - 91 poisoned darts
 E - 2 javelins
Armour
 c - a +0 kite shield (worn)
 D - a +2 pair of boots (worn)
 H - a scarf of repulsion (worn)
 K - the +2 hat of the Bear Spirit (worn) {Spirit, +Rage rN+ Will++}
   (You bought it in a shop on level 10 of the Dungeon)

   It protects you from negative energy.
   It affects your willpower, your defense against some magical effects.
   It lets you go berserk.
 P - cursed +0 swamp dragon scales (worn)
 R - a +1 pair of gloves (worn)
 U - a +2 leather armour of cold resistance
Jewellery
 a - an uncursed ring of see invisible
 k - an amulet of regeneration (around neck)
 u - a +6 ring of strength (left hand)
 x - an uncursed ring of positive energy
 B - a +6 ring of intelligence
 L - an uncursed ring of ice
 Q - a +6 ring of dexterity
 Y - a ring of fire (right hand)
Wands
 i - a wand of random effects (20) (quivered)
 A - a wand of iceblast (9)
 G - a wand of disintegration (13)
 I - a wand of polymorph (3)
 O - a wand of acid (8)
 S - a wand of enslavement (5)
 T - a wand of digging (4)
 W - a wand of paralysis (15)
Scrolls
 m - 7 scrolls of teleportation
 n - 2 scrolls of fear {unknown}
 o - 2 scrolls of silence {unknown}
 p - 2 scrolls of random uselessness {unknown}
 q - a scroll of blinking
 t - 2 scrolls of holy word {unknown}
 y - 2 scrolls of fog
 C - 2 scrolls of immolation
 J - 3 scrolls of magic mapping
 M - 11 scrolls of remove curse
Potions
 d - 2 potions of might
 f - 2 potions of mutation
 l - 3 potions of haste
 r - a potion of magic
 z - 4 potions of cancellation
 F - 3 potions of flight
 N - 11 potions of curing {unknown}
Miscellaneous
 V - a box of beasts
 X - a condenser vane
 Z - a lightning rod (4/4)


   Skills:
 * Level 10.2 Fighting
 + Level 2.6(3.1) Short Blades
 + Level 2.5(3.1) Long Blades
 + Level 7.7 Maces & Flails
 + Level 5.4 Polearms
 + Level 4.6 Throwing
 + Level 5.7 Armour
 + Level 5.0 Dodging
 + Level 8.3 Stealth
 + Level 8.7 Shields
 * Level 5.4 Necromancy
 + Level 9.5 Invocations
 * Level 8.8 Evocations


You had 13 spell levels left.
You didn't know any spells.
Your spell library contained the following spells:

 Spells                   Type           Power        Failure   Level
 Animate Skeleton         Necr           16%          16%         1
 Sublimation of Blood     Necr           4%           22%         2
 Apportation              Tloc           0%           80%         1
 Corona                   Hex            0%           80%         1
 Freeze                   Ice            0%           80%         1
 Magic Dart               Conj           0%           80%         1
 Summon Small Mammal      Summ           0%           80%         1
 Blink                    Tloc           N/A          91%         2
 Call Imp                 Summ           0%           91%         2
 Ensorcelled Hibernation  Hex/Ice        0%           91%         2
 Searing Ray              Conj           0%           91%         2
 Slow                     Hex            0%           91%         2
 Call Canine Familiar     Summ           0%           99%         3
 Confusing Touch          Hex            0%           99%         3
 Conjure Flame            Conj/Fire      0%           99%         3
 Dazzling Flash           Conj/Hex       0%           99%         3
 Frozen Ramparts          Ice            0%           99%         3
 Ignite Poison            Fire/Tmut/Pois 0%           99%         3
 Mephitic Cloud           Conj/Pois/Air  0%           99%         3
 Ozocubu's Armour         Ice            0%           99%         3
 Summon Guardian Golem    Hex/Summ       0%           99%         3
 Tukima's Dance           Hex            0%           99%         3
 Fulminant Prism          Conj/Hex       0%           100%        4
 Hailstorm                Conj/Ice       0%           100%        4
 Iskenderun's Mystic Bla  Conj/Tloc      0%           100%        4
 Petrify                  Tmut/Erth      0%           100%        4
 Summon Ice Beast         Ice/Summ       0%           100%        4
 Summon Lightning Spire   Summ/Air       0%           100%        4
 Alistair's Intoxication  Tmut/Pois      0%           100%        5
 Irradiate                Conj/Tmut      0%           100%        5
 Summon Demon             Summ           0%           100%        5
 Summon Forest            Summ/Tloc      0%           100%        5
 Summon Mana Viper        Hex/Summ       0%           100%        5
 Eringya's Noxious Bog    Tmut/Pois      0%           100%        6
 Shadow Creatures         Summ           N/A          100%        6
 Summon Hydra             Summ           0%           100%        7


Dungeon Overview and Level Annotations

Branches:
Dungeon (13/15)            Temple (1/1) D:4            Lair (6/6) D:10
  Swamp (0/4) Lair:2       Spider (0/4) Lair:2        Slime (0/5) Lair:6
    Orc (0/2) D:10
 Vaults: D:13-14

Altars:
Ashenzari
Cheibriados
Dithmenos
Elyvilon
Fedhas
Gozag
Hepliaklqana
Kikubaaqudgha
Makhleb
Nemelex Xobeh
Okawaru
Qazlal
Ru
Sif Muna
Trog
Uskayaw
Vehumet
Wu Jian
Xom
Yredelemnul
Zin
The Shining One

Shops:
D:10 [(

Annotations:
D:9 2 transporters, lake5's ghost, novice GrEE
D:13 3 runed translucent doors, Azrael; Rupert; Urug


Innate Abilities, Weirdness & Mutations

You have razor-sharp teeth.
You heal very quickly.
When hurt, damage is shared between your health and your magic reserves.
Your bite disrupts and absorbs the magic of your enemies.
Potions cannot restore your health.
You are strong-willed. (Will+)
You are robust. (+10% HP)


Message History

The bolt of fire misses you.
You hit Azrael. Your bite misses Azrael.
Azrael is heavily wounded.
You hit Azrael. Your bite misses Azrael.
Azrael is heavily wounded.
You block Rupert's attack.
Azrael hits you with a +2 scimitar of flaming!
Azrael burns you.
You completely miss Azrael. You bite Azrael!
Azrael's magic leaks into the air.
You drain his magic.
You feel invigorated.
Azrael is severely wounded.
You are no longer berserk.
You pass out from exhaustion.
You feel yourself slow down.
Rupert hits you with a +3 vorpal battleaxe!!
Azrael hits you with a +2 scimitar of flaming!
Azrael burns you.
* * * LOW HITPOINT WARNING * * *
Rupert hits you with a +3 vorpal battleaxe!!
You die...

... #####.########.# ..# #.#
#.#### ..# #.# #....# ..## #.#
#....# ###...# #.## #....###
.#....# #..# #####.....##
.Y.#..###########.# #.....##...#
..?#............#.####.###.##...#
.h..o..........R@.†.))..........#
....o......Y...@#....###..###...#
###...oo......$.#..###...## #...#
#..o.............###.### #####
..##.u........##..##.####
.###.>.............))...# #
#....)......##?#.###.(...
#..........[ #!.......#..
######...?........#####


You could see Rupert (berserk), Azrael and a catoblepas.

Vanquished Creatures
  A fire dragon (Lair:6)
  A boulder beetle (D:10)
  8 hydras
  A centaur warrior (D:10)
  A death knight (D:13)
  7 two-headed ogres
  7 death yaks
  2 bog bodies (Lair:2)
  A lindwurm (Lair:6)
  A necromancer (Lair:2)
  3 manticores
  6 elephants (Lair:4)
  4 black mambas
  2 torpor snails
  A gargoyle (D:11)
  9 cane toads
  2 molten gargoyles (Lair:6)
  10 komodo dragons
  4 trolls
  2 hornets
  3 blink frogs (Lair:5)
  2 wyverns
  A spriggan (Lair:5)
  51 yaks
  A vampire (D:12)
  Eustachio (D:5)
  6 basilisks
  3 fire elementals (D:13)
  2 steam dragons
  4 wraiths
  3 vampire mosquitoes (D:12)
  Edmund (D:5)
  10 water moccasins
  6 hell hounds
  6 ice beasts
  4 black bears
  A floating eye (D:10)
  9 orc warriors
  5 sky beasts
  A hornet zombie (D:6)
  A necrophage (D:12)
  A phantom (D:7)
  13 ogres
  7 centaurs
  9 wolves
  A big kobold (D:12)
  9 bullfrogs
  A wyvern zombie (D:11)
  2 scorpions
  4 killer bees (D:12)
  7 electric eels
  7 wights
  A howler monkey (D:7)
  5 lava snakes
  2 bullfrog zombies
  7 orc priests
  12 hounds
  5 jellies
  16 orc wizards
  2 bullfrog skeletons
  2 centaur skeletons
  A gnoll shaman (D:9)
  Jessica (D:2)
  Terence (D:2)
  3 iguanas
  3 worker ants
  5 yak simulacra (Lair:2)
  A wolf simulacrum (Lair:2)
  3 polar bear simulacra (Lair:2)
  2 hound skeletons
  2 hound zombies
  5 gnolls
  11 adders
  3 shadow imps
  3 white imps
  4 ufetubi
  2 oozes (Lair:6)
  An adder skeleton (D:4)
  A worm (D:2)
  2 dart slugs
  5 leopard geckos
  63 orcs
  A ball python (D:2)
  3 giant cockroaches
  6 goblins
  6 hobgoblins
  4 quokkas
  7 bats
  12 frilled lizards
  11 kobolds
  A leopard gecko zombie (D:7)
  2 quokka skeletons
  7 rats
  2 river rat simulacra (Lair:2)
491 creatures vanquished.

Vanquished Creatures (collateral kills)
  A boulder beetle (Lair:3)
  4 death yaks (Lair:5)
  A deep elf mage (D:11)
  An ugly thing (D:11)
  A cane toad (Lair:5)
  A komodo dragon (Lair:5)
  A polar bear (Lair:5)
  4 blink frogs
  A vampire (D:9)
  A wyvern (Lair:5)
  A basilisk (Lair:5)
  A water moccasin (Lair:5)
  A hell hound (D:13)
  An orc warrior (D:11)
  3 wolves
  A centaur (D:10)
  2 bullfrogs
  4 wights
  A lava snake (Lair:6)
  A jelly (D:9)
  An iguana (D:9)
  3 gnolls (D:9)
  An orc (D:11)
37 creatures vanquished.

Vanquished Creatures (others)
  2 hounds
  A gnoll (D:9)
  A bush (Lair:6)
  8 fungi (Lair:6)
  13 plants
25 creatures vanquished.

Grand Total: 553 creatures vanquished

Notes
Turn   | Place    | Note
-------+----------+-------------------------------------------
     0 | D:1      | Kazon the Vine Stalker Fighter began the quest for the Orb.
     0 | D:1      | Reached XP level 1. HP: 11/11 MP: 2/2
   336 | D:1      | Reached XP level 2. HP: 16/16 MP: 3/3
   500 | D:1      | Reached skill level 3 in Fighting
   559 | D:2      | Noticed Jessica
   565 | D:2      | Killed Jessica
   566 | D:2      | Reached XP level 3. HP: 20/20 MP: 4/4
  1130 | D:2      | Noticed Terence
  1139 | D:2      | Gained mutation: Your natural rate of healing is unusually
                  | fast. [Vine Stalker growth]
  1139 | D:2      | Reached XP level 4. HP: 24/24 MP: 5/5
  1253 | D:2      | Killed Terence
  1254 | D:2      | Reached skill level 1 in Throwing
  1890 | D:2      | Reached skill level 1 in Dodging
  1890 | D:2      | Reached XP level 5. HP: 28/28 MP: 6/6
  1913 | D:3      | Found a basalt altar of Yredelemnul.
  2316 | D:3      | Reached XP level 6. HP: 32/32 MP: 7/7
  2346 | D:3      | Gained mutation: You are strong-willed. (Will+) [potion of
                  | mutation]
  2346 | D:3      | Gained mutation: You are robust. (+10% HP) [potion of
                  | mutation]
  2880 | D:4      | Found a staircase to the Ecumenical Temple.
  2889 | Temple   | Entered the Ecumenical Temple
  2967 | Temple   | Became a worshipper of Makhleb the Destroyer
  3114 | D:4      | Reached XP level 7. HP: 40/40 MP: 8/8
  3405 | D:4      | Found a hide-covered altar of Uskayaw.
  3412 | D:4      | Found a glowing golden altar of the Shining One.
  3446 | D:4      | Found a blossoming altar of Fedhas.
  3505 | D:5      | Entered Level 5 of the Dungeon
  3573 | D:5      | Reached skill level 1 in Stealth
  3573 | D:5      | Reached skill level 1 in Invocations
  3671 | D:5      | HP: 1/40 [ogre/+0 giant spiked club (10)]
  3687 | D:5      | Reached skill level 4 in Fighting
  3687 | D:5      | Reached skill level 1 in Long Blades
  3892 | D:5      | Noticed Edmund
  3911 | D:5      | Killed Edmund
  3912 | D:5      | Gained mutation: You have razor-sharp teeth. [Vine Stalker
                  | growth]
  3912 | D:5      | Reached XP level 8. HP: 34/46 MP: 10/10
  4009 | D:5      | Reached * piety under Makhleb
  4098 | D:5      | Noticed Eustachio
  4139 | D:5      | Killed Eustachio
  4258 | D:5      | Found a shadowy altar of Dithmenos.
  4328 | D:5      | Found a stormy altar of Qazlal.
  4463 | D:6      | Noticed a troll
  4472 | D:6      | Killed a troll
  4572 | D:6      | Reached XP level 9. HP: 10/50 MP: 3/12
  4744 | D:6      | Found a shimmering altar of Xom.
  4829 | D:6      | Reached skill level 5 in Fighting
  4862 | D:6      | Noticed a komodo dragon
  4876 | D:6      | HP: 2/51 [komodo dragon (16)]
  4877 | D:6      | Killed a komodo dragon
  4878 | D:6      | Reached skill level 5 in Stealth
  4880 | D:6      | Reached skill level 5 in Shields
  5205 | D:6      | Reached ** piety under Makhleb
  5488 | D:7      | Reached skill level 5 in Maces & Flails
  5845 | D:7      | Reached skill level 1 in Evocations
  6282 | D:7      | Reached XP level 10. HP: 58/58 MP: 11/14
  6558 | D:8      | Noticed a manticore
  6578 | D:8      | Killed a manticore
  6737 | D:9      | Reached skill level 1 in Short Blades
  6778 | D:9      | Reached *** piety under Makhleb
  6828 | D:9      | Reached skill level 5 in Invocations
  6854 | D:9      | Reached skill level 6 in Fighting
  6939 | D:9      | Noticed a two-headed ogre
  6950 | D:9      | Killed a two-headed ogre
  7122 | D:9      | Noticed lake5's ghost (novice GrEE)
  7122 | D:9      | Noticed a two-headed ogre
  7124 | D:9      | Found a transporter.
  7174 | D:9      | Found a transporter.
  7348 | D:10     | Entered Level 10 of the Dungeon
  7404 | D:10     | Found Urusib's Weapon Shop.
  7406 | D:10     | Found a staircase to the Orcish Mines.
  7414 | D:10     | Found Irextauc's Armour Shop.
  7542 | D:10     | Noticed a centaur warrior
  7569 | D:10     | Noticed a two-headed ogre
  7578 | D:10     | Noticed a two-headed ogre
  7595 | D:11     | Killed a two-headed ogre
  7596 | D:11     | Reached XP level 11. HP: 26/63 MP: 6/16
  7656 | D:11     | Noticed a two-headed ogre
  7669 | D:11     | Killed a two-headed ogre
  7998 | D:10     | Killed a two-headed ogre
  8054 | D:10     | Killed a centaur warrior
  8087 | D:10     | Noticed a two-headed ogre
  8094 | D:10     | Reached **** piety under Makhleb
  8095 | D:10     | Reached skill level 7 in Fighting
  8103 | D:10     | Killed a two-headed ogre
  8154 | D:10     | Noticed a boulder beetle
  8168 | D:10     | Killed a boulder beetle
  8319 | D:10     | Found a staircase to the Lair.
  8404 | D:10     | Bought the +2 hat of the Bear Spirit {Spirit, +Rage rN+
                  | Will++} for 391 gold pieces
  8404 | D:10     | Found the +2 hat of the Bear Spirit {Spirit, +Rage rN+
                  | Will++}
  8652 | D:11     | Noticed a red ugly thing
  8658 | D:11     | Noticed a deep elf mage
  8701 | D:11     | Gained mutation: You heal very quickly. [Vine Stalker
                  | growth]
  8701 | D:11     | Reached XP level 12. HP: 70/70 MP: 18/18
  8713 | D:11     | Reached skill level 5 in Evocations
  9081 | D:11     | Reached skill level 8 in Fighting
  9376 | D:11     | Noticed a two-headed ogre
  9386 | D:11     | Killed a two-headed ogre
  9404 | D:11     | Reached ***** piety under Makhleb
  9531 | Lair:1   | Entered Level 1 of the Lair of Beasts
  9610 | Lair:1   | Reached skill level 1 in Polearms
 10336 | Lair:2   | Found a hole to the Spider Nest.
 10504 | Lair:2   | Found a staircase to the Swamp.
 10830 | Lair:2   | Reached XP level 13. HP: 74/75 MP: 18/20
 11040 | Lair:2   | Got a steaming spear
 11065 | Lair:2   | Identified the +8 spear of Qeakich {pain, *Rage rC+ rN+
                  | Dex+2} (You found it on level 2 of the Lair of Beasts)
 11391 | Lair:3   | Reached skill level 1 in Necromancy
 11469 | Lair:3   | Reached skill level 9 in Fighting
 11579 | Lair:3   | Found a hide-covered altar of Uskayaw.
 11579 | Lair:3   | Found an ornate altar of the Wu Jian Council.
 11990 | Lair:4   | Reached skill level 5 in Armour
 13192 | Lair:6   | Entered Level 6 of the Lair of Beasts
 13443 | Lair:6   | Reached XP level 14. HP: 83/83 MP: 21/21
 13509 | Lair:6   | Found a staircase to the Slime Pits.
 13543 | Lair:6   | Reached ****** piety under Makhleb
 13788 | Lair:6   | Found a large runed translucent door.
 14361 | Lair:6   | Reached skill level 10 in Fighting
 14391 | Lair:6   | Reached skill level 5 in Polearms
 14409 | Lair:6   | Found a large runed translucent door.
 15018 | D:12     | Reached skill level 5 in Necromancy
 15032 | D:12     | HP: 1/84 [seven-headed hydra (11)]
 15633 | D:13     | Noticed Azrael
 15646 | D:13     | Noticed Rupert
 15647 | D:13     | Noticed Urug
 15648 | D:13     | Found a runed translucent gate.
 15648 | D:13     | Found a runed translucent gate.
 15648 | D:13     | Found a runed translucent gate.
 15712 | D:13     | Reached skill level 5 in Dodging
 15844 | D:13     | Slain by Rupert

Illustrated notes

Levels and vault maps discovered:
D:1:      heliophobic_arrival_dark_side_of_the_moon, layout_rooms,
          kennysheep_decorative_pillar
D:2:      layout_basic, uniq_jessica, uniq_terence
D:3:      layout_basic, yredelemnul_altar_generic, serial_corexii_hall,
          corexii_hall_statues_i, corexii_hall_statues_i
D:4:      layout_gridville, overflow_temple_1_default,
          amethyst_overflow_temple_binary, temple_green
D:5:      minmay_thinvault, layout_basic, grunt_dithmenos_shadows,
          nicolae_qazlal_eye_of_the_storm, uniq_eustachio, uniq_edmund
D:6:      layout_basic, xom_teletrap_fun
D:7:      layout_cave_pods
D:8:      layout_rooms
D:9:      layout_cave_pools, gammafunk_ghost_arena, grunt_decor_fettered
D:10:     layout_roguey, erik_lair_island, orc_david_3,
          chequers_serial_rivers_small_3, onia_ninara_cookie
D:11:     layout_irregular_city, serial_bayou_pond_e, kennysheep_small_spiral
D:12:     layout_basic, serial_rivers, chequers_serial_rivers_micro_b,
          chequers_serial_rivers_marsh, chequers_serial_rivers_small_a,
          chequers_serial_rivers_micro_b, chequers_serial_rivers_room_a,
          nicolae_lava_and_water
D:13:     layout_rooms, gammafunk_ghost_nasty_kobolds, uniq_urug, uniq_rupert,
          uniq_azrael
Temple:   regret_index_temple_waves
Lair:1:   layout_concentric_octagons, grunt_megastairs_1
Lair:2:   layout_cellular_growth, skrybe_swamp_entry_bodies, dummy_spider_entry,
          eino_house_with_fridge
Lair:3:   layout_gridlike, nzn_masters_of_martial_movement
Lair:4:   layout_long_grid, lemuel_fruit_tree
Lair:5:   layout_roguey, grunt_forest_large_clearing_hut,
          infiniplex_staircase_pool
Lair:6:   cheibrodos_lair_end_hotspot, layout_layer_cave,
          nicolae_slime_entry_slimehenge, infiniplex_staircase_pool_2

Skill      XL: |  1  2  3  4  5  6  7  8  9 10 11 12 13 14 |
---------------+-------------------------------------------+-----
Shields        | 3 4 5 6 7 8 |  8.7
Fighting       | 3 4 5 6 7 8 9 10 | 10.2
Maces & Flails | 2 3 4 5 6 7 |  7.7
Throwing       | 1 2 3 4 |  4.6
Dodging        | 1 2 3 4 5 |  5.0
Armour         | 3 4 5 |  5.7
Stealth        | 2 4 5 6 7 8 |  8.3
Invocations    | 1 3 4 6 8 9 |  9.5
Long Blades    | 1 2 |  2.5
Evocations     | 1 3 4 6 7 8 |  8.8
Short Blades   | 1 2 |  2.6
Polearms       | 2 4 5 |  5.4
Necromancy     | 3 5 |  5.4

Action                   |  1- 3 |  4- 6 |  7- 9 | 10-12 | 13-15 || total
-------------------------+-------+-------+-------+-------+-------++-------
Melee: Flail             |    58 |    20 |    38 |   106 |    10 ||   232
       Bite              |    10 |    48 |   150 |   348 |   317 ||   873
       Whip              |       |    88 |   239 |   285 |    18 ||   630
       Falchion          |       |    34 |    73 |    68 |       ||   175
       Dagger            |       |       |    15 |   121 |     1 ||   137
       Spear             |       |       |       |       |   595 ||   595
Throw: Boomerang         |     7 |     9 |    12 |    11 |    13 ||    52
       Stone             |     9 |    61 |    20 |       |       ||    90
       Dart              |       |     4 |    58 |     5 |     6 ||    73
       Throwing net      |       |       |     1 |       |       ||     1
Invok: Minor Destruction |       |       |       |   107 |    98 ||   205
       Lesser Servant of |       |       |       |     8 |     7 ||    15
       Greater Servant o |       |       |       |       |     3 ||     3
Evoke: Wand              |       |       |     1 |    40 |    10 ||    51
       Lightning rod     |       |       |       |       |     2 ||     2
  Use: Potion            |       |     1 |       |       |       ||     1
       Scroll            |       |       |       |    16 |    10 ||    26
 Stab: Sleeping          |       |       |       |    20 |    18 ||    38
       Paralysed         |       |       |       |     3 |     4 ||     7
       Distracted        |       |       |       |     2 |     3 ||     5
       Confused          |       |       |       |       |     4 ||     4
Armor: Scale mail        |    25 |    33 |       |       |       ||    58
       Plate armour      |       |    10 |   170 |       |       ||   180
       Leather armour    |       |       |     3 |   101 |    15 ||   119
       Swamp dragon scal |       |       |       |       |   135 ||   135
Dodge: Dodged            |    24 |    35 |    48 |   215 |   216 ||   538
       Repelled          |       |       |       |     4 |     6 ||    10
Block: Kite shield       |    33 |    75 |   153 |   309 |   311 ||   881
       Rpst.: Falchion   |       |     5 |       |     9 |       ||    14
